 Dungeon Crawl Stone Soup version 0.20-a0-350-ga83eecc (webtiles) character file.

4280 shitimlost the Slicer (level 10, -1/49 HPs)
             Began as a Vine Stalker Assassin on Dec 24, 2016.
             Was an Initiate of Dithmenos.
             Slain by an orc
             ... wielding a +0 flail
              (3 damage)
             ... on level 8 of the Dungeon.
             The game lasted 00:27:29 (6307 turns).

shitimlost the Slicer (Vine Stalker Assassin)       Turns: 6307, Time: 00:27:29

Health: -1/49      AC: 13    Str: 22    XL:     10   Next: 32%
Magic:  0/11       EV: 12    Int: 13    God:    Dithmenos [......]
Gold:   147        SH:  0    Dex: 16    Spells: 9/9 levels left

rFire  + . .     SeeInvis .     a - +5 dagger (pierce)
rCold  . . .     Gourm    .     H - +0 ring mail {rPois}
rNeg   . . .     Faith    .     (no shield)
rPois  +         Spirit   +     o - +1 hat
rElec  .         Reflect  .     d - +1 cloak
rCorr  .         Harm     .     (no gloves)
MR     +....                    K - +2 pair of boots
Stlth  +++.......               (no amulet)
                                z - ring of protection from cold
                                N - ring "Kiezuh" {Fire Str+5 Int+2}

@: no status effects
A: fangs 3, regeneration 1, magic shield, antimagic bite, no device heal 3, rot
immunity
a: Renounce Religion


You were on level 8 of the Dungeon.
You worshipped Dithmenos.
Dithmenos was noncommittal.
You were not hungry.

You visited 2 branches of the dungeon, and saw 9 of its levels.

You collected 299 gold pieces.
You spent 152 gold pieces at shops.

Inventory:

Hand Weapons
 a - a +5 dagger of piercing (weapon)
 b - a +0 blowgun
 u - a +0 shortbow
 x - a +0 glaive of chopping
 G - a +0 lajatang
 L - a +0 shortbow
 T - a +0 rapier
Missiles
 e - 41 poisoned needles
 f - 2 curare-tipped needles
 y - 61 arrows
 M - 8 needles of paralysis
Armour
 c - a +0 robe
 d - a +1 cloak (worn)
 j - a +0 pair of boots
 o - a +1 hat (worn)
 s - a +0 pair of boots
 H - a +0 ring mail of poison resistance (worn)
 K - a +2 pair of boots (worn)
Jewellery
 m - an uncursed ring of wizardry
 w - an uncursed ring of resist corrosion
 z - a ring of protection from cold (right hand)
 C - an uncursed amulet of the gourmand
 D - a cursed amulet of inaccuracy {unknown}
 N - the ring "Kiezuh" (left hand) {Fire Str+5 Int+2}
   (You found it on level 6 of the Dungeon)

   [ring of fire]

   It enhances your fire magic.
   It affects your strength (+5).
   It affects your intelligence (+2).
   It protects you from fire.
   It makes you vulnerable to cold.
 S - an uncursed ring of see invisible
Wands
 J - a wand of paralysis (11/24)
Scrolls
 k - 4 scrolls of immolation
 n - 4 scrolls of remove curse
 E - a scroll of amnesia
 F - a scroll of magic mapping
 O - a scroll of enchant armour
Potions
 h - a potion of brilliance
 i - 3 potions of curing
 p - a potion of degeneration
 q - 2 potions of might {unknown}
 r - a potion of agility
 A - a potion of invisibility {unknown}
 I - 2 potions of heal wounds {unknown}
 R - a potion of haste {unknown}
Books
 P - a book of Frost

   Spells                             Type                      Level
   a - Freeze                         Ice                          1
   b - Throw Frost                    Conjuration/Ice              2
   c - Ozocubu's Armour               Charms/Ice                   3
   d - Throw Icicle                   Conjuration/Ice              4
   e - Summon Ice Beast               Ice/Summoning                4
 Q - a book of Flames

   Spells                             Type                      Level
   a - Flame Tongue                   Conjuration/Fire             1
   b - Throw Flame                    Conjuration/Fire             2
   c - Conjure Flame                  Conjuration/Fire             3
   d - Inner Flame                    Hexes/Fire                   3
   e - Sticky Flame                   Conjuration/Fire             4
   f - Fireball                       Conjuration/Fire             5
   Dithmenos disapproves of the use of such an item.
Comestibles
 g - 9 bread rations
 l - 5 chunks of flesh
 t - 2 meat rations
 v - 3 fruits
 B - a beef jerky


   Skills:
 - Level 3.3 Fighting
 + Level 9.5 Short Blades
 - Level 3.3 Throwing
 + Level 6.8 Armour
 - Level 2.7 Dodging
 - Level 6.9 Stealth


You had 9 spell levels left.
You didn't know any spells.

Dungeon Overview and Level Annotations

Branches:
Dungeon (8/15)             Temple (1/1) D:7
   Lair: D:8-11

Altars:
Dithmenos
Elyvilon
Fedhas
Gozag
Hepliaklqana
Kikubaaqudgha
Makhleb
Nemelex Xobeh
Ru
Sif Muna
Uskayaw
Vehumet
Yredelemnul
The Shining One

Shops:
D:4 ?   D:5 *

Annotations:
D:4 Venom's ghost, amateur DsGl


Innate Abilities, Weirdness & Mutations

You have razor-sharp teeth.
Your natural rate of healing is unusually fast.
When hurt, damage is shared between your health and your magic reserves.
Your bite disrupts and absorbs the magic of your enemies.
Potions cannot restore your health.
You are immune to rotting.


Message History

* * * LOW HITPOINT WARNING * * *
The orc barely misses you.
Okay, then.
Okay, then.
Okay, then.
Okay, then.
Firing (i - inventory): No suitable missiles.
Press: ? - help, Shift-Dir - straight line, f - orc priest
Aim: an orc priest, wielding a short sword and wearing a ring mail
Okay, then.
The orc warrior hits you from afar with a trident!
* * * LOW HITPOINT WARNING * * *
Okay, then.
You closely miss the orc priest. You hit the orc priest.
You bite the orc priest! You drain its power.
You feel invigorated.
The orc priest is almost dead.
The orc priest looks encouraged for a moment.
The orc warrior barely misses you. The orc hits you with a flail.
You die...

##.......#######.#......
##.......# ...##.#...###
.#.......# #.##)#.....
.#.......# #..)[#...###
.#.......# #.##.#...####
.#.......# #.##........#
.#.).....# #..).......##
.........# ####.......##
.........# #@.......#
......#####.####oo......#
......# #...oo........##
......# #....#..........
......# #....#.....#####.
.###### #.... #.....# ##
..#........... #
#.....#...### ##.##.....#


You could see an orc warrior, an orc priest and an orc.

Vanquished Creatures
  A manticore (D:8)
  Grinder (D:6)
  A hippogriff (D:7)
  Sigmund (D:2)
  A hungry ghost (D:7)
  Grum (D:8)
  2 water moccasins (D:5)
  A phantom (D:7)
  2 ogres (D:7)
  An ice beast (D:5)
  A black bear (D:6)
  2 sky beasts
  3 wolves (D:8)
  4 centaurs
  2 bullfrogs (D:7)
  5 scorpions
  6 killer bees
  4 howler monkeys
  6 crimson imps
  A jelly (D:7)
  7 orc wizards
  An orc priest (D:6)
  4 hounds
  2 bullfrog skeletons
  An iguana (D:5)
  3 worker ants
  A worker ant zombie (D:8)
  4 gnolls (D:4)
  5 adders
  A shadow imp (D:7)
  2 oozes
  An adder skeleton (D:4)
  A worm (D:4)
  2 dart slugs (D:1)
  A leopard gecko (D:7)
  19 orcs
  3 ball pythons
  6 bats
  5 giant cockroaches
  5 goblins
  2 hobgoblins
  11 jackals
  7 kobolds
  2 quokkas
  3 frilled lizards
  A leopard gecko skeleton (D:4)
  10 rats
156 creatures vanquished.

Notes
Turn   | Place    | Note
-------+----------+-------------------------------------------
     0 | D:1      | shitimlost the Vine Stalker Assassin began the quest for the Orb.
     0 | D:1      | Reached XP level 1. HP: 11/11 MP: 2/2
    79 | D:1      | Reached skill level 5 in Stealth
    81 | D:1      | Reached skill level 1 in Dodging
    86 | D:1      | Reached skill level 2 in Short Blades
    86 | D:1      | Reached XP level 2. HP: 11/15 MP: 1/3
   459 | D:1      | Reached XP level 3. HP: 18/18 MP: 4/4
   667 | D:2      | Noticed Sigmund
   679 | D:2      | Killed Sigmund
   679 | D:2      | Gained mutation: Your natural rate of healing is unusually fast. [Vine Stalker growth]
   679 | D:2      | Reached XP level 4. HP: 23/23 MP: 5/5
   679 | D:2      | Reached XP level 5. HP: 27/27 MP: 6/6
   804 | D:2      | Found an ancient bone altar of Kikubaaqudgha.
  1249 | D:2      | Found a faded altar of an unknown god.
  1672 | D:3      | Found a sparkling altar of Nemelex Xobeh.
  1695 | D:3      | Reached XP level 6. HP: 18/32 MP: 7/7
  1698 | D:3      | Reached skill level 3 in Short Blades
  1840 | D:3      | Found an opulent altar of Gozag.
  2799 | D:4      | Noticed Venom's ghost (amateur DsGl)
  2964 | D:4      | Found Tejydo's Magic Scroll Boutique.
  2970 | D:4      | Bought a scroll of identify for 20 gold pieces
  2970 | D:4      | Bought a scroll of identify for 20 gold pieces
  3015 | D:4      | Reached XP level 7. HP: 29/36 MP: 8/8
  3158 | D:5      | Entered Level 5 of the Dungeon
  3367 | D:5      | Reached skill level 4 in Short Blades
  3416 | D:5      | Found a white marble altar of Elyvilon.
  3574 | D:5      | Found Qaik Daw's Serpentskin Sales.
  3577 | D:5      | Reached skill level 5 in Short Blades
  3595 | D:5      | Gained mutation: You have razor-sharp teeth. [Vine Stalker growth]
  3595 | D:5      | Reached XP level 8. HP: 6/40 MP: 4/9
  3730 | D:5      | Bought a +0 ring mail of poison resistance for 112 gold pieces
  3826 | D:5      | Found a sacrificial altar of Ru.
  4142 | D:6      | Found a blossoming altar of Fedhas.
  4158 | D:6      | Reached skill level 6 in Short Blades
  4185 | D:6      | Got a wavering glass ring
  4213 | D:6      | Reached skill level 1 in Armour
  4694 | D:6      | Found a burning altar of Makhleb.
  4721 | D:6      | Found a deep blue altar of Sif Muna.
  4758 | D:6      | Noticed Grinder
  4764 | D:6      | Paralysed by Grinder for 3 turns
  4782 | D:6      | Killed Grinder
  4782 | D:6      | Reached skill level 7 in Short Blades
  4782 | D:6      | Reached XP level 9. HP: 29/44 MP: 6/10
  5220 | D:7      | Reached skill level 8 in Short Blades
  5329 | D:7      | Reached skill level 5 in Armour
  5825 | D:7      | Found a staircase to the Ecumenical Temple.
  5831 | Temple   | Entered the Ecumenical Temple
  5843 | Temple   | Became a worshipper of Dithmenos the Shadowed
  5993 | D:8      | Noticed a manticore
  6016 | D:8      | HP: 1/44 [orc warrior/trident (8)]
  6026 | D:8      | Noticed Grum
  6064 | D:8      | Reached XP level 10. HP: 19/49 MP: 11/11
  6084 | D:8      | Reached skill level 9 in Short Blades
  6152 | D:8      | Identified the ring "Kiezuh" {Fire Str+5 Int+2} (You found it on level 6 of the Dungeon)
  6224 | D:8      | Killed a manticore
  6246 | D:8      | Killed Grum
  6305 | D:8      | HP: 2/49 [orc warrior/trident (10)]
  6307 | D:8      | Slain by an orc

Vault maps used:
D:1:      dpeg_arrival_connections, minmay_cupped
D:2:      lemuel_doored_altar, chequers_ecumenical_altar_lobes, uniq_sigmund
D:3:      nicolae_overflow_hidden_temple, grunt_gozag_breadcrumbs
D:4:      serial_shops, shop
D:5:      nicolae_ru_path_of_blood, elyvilon_altar_5, first_bread,
          guppyfry_shop_venom
D:6:      nicolae_whirlpool, gammafunk_temple_overflow_pools, fedhas_altar_1,
          uniq_grinder
D:8:      blue_anna_alchemist, uniq_erica, uniq_grum
Temple:   dshaligram_water_room_temple

Skill      XL: |  1  2  3  4  5  6  7  8  9 10 |
---------------+-------------------------------+-----
Stealth        | 5 6 |  6.9
Dodging        | 1 2 |  2.7
Short Blades   | 2 3 5 7 8 9 |  9.5
Fighting       | 2 3 |  3.3
Throwing       | 2 3 |  3.3
Armour         | 3 5 6 |  6.8

Action                   |  1- 3 |  4- 6 |  7- 9 | 10-12 || total
-------------------------+-------+-------+-------+-------++-------
Melee: Dagger            |    49 |   165 |   339 |    71 ||   624
       Bite              |    14 |    45 |   103 |    27 ||   189
 Fire: Blowgun           |     3 |       |     4 |       ||     7
       Shortbow          |       |       |     3 |       ||     3
Throw: Throwing net      |     1 |       |     3 |       ||     4
Evoke: Wand              |       |       |       |     1 ||     1
  Use: Scroll            |       |    14 |    10 |       ||    24
       Potion            |       |     1 |     2 |       ||     3
 Stab: Sleeping          |    10 |    11 |     8 |       ||    29
       Held in net/web   |     1 |       |     2 |       ||     3
       Distracted        |       |       |     1 |     1 ||     2
       Paralysed         |       |       |       |     1 ||     1
  Eat: Chunk             |       |     5 |    10 |     1 ||    16
       Fruit             |       |     3 |       |       ||     3
Armor: Robe              |    13 |    30 |    23 |       ||    66
       Skin              |       |     1 |       |       ||     1
       Ring mail         |       |       |    50 |    26 ||    76
Dodge: Dodged            |    24 |    78 |   158 |    31 ||   291
